[Event "*** Titled Tuesday Blitz"]
[Site "Chess.com"]
[Date "2021.03.02"]
[Round "2"]
[White "JulianProleiko"]
[Black "HouseOfDurin"]
[Result "1-0"]
[WhiteElo "2412"]
[BlackElo "2155"]
[TimeControl "180+1"]
[EndTime "10:19:12 PST"]
[Termination "JulianProleiko won by checkmate"]

1. e4 c5 2. Nf3 Nc6 3. Bb5 g6 4. Bxc6 dxc6 5. d3 Bg7 6. O-O h6 7. Nc3 e5 8. h3 Ne7 9. Nh2 O-O 10. f4 exf4 11. Bxf4 f5 12. Qd2 Kh7 13. Rae1 b5 14. Nf3 g5 15. Be3 Bd4 16. Bxd4 cxd4 17. Ne2 c5 18. Ng3 f4 19. Ne2 Ng6 20. c3 dxc3 21.
Nxc3 a6 22. e5 Bf5 23. d4 cxd4 24. Nxd4 Qb6 25. Nd5 Qa7 26. Nf6+ Kh8 27. Qf2 Bd3 28.
Ng4 Bxf1 29. Rxf1 Rad8 30. Ne6 Qxf2+ 31. Nxf2 Nxe5 32. Nxf8 Rxf8 33. Re1 Nc4 34. Re6 Kg7 35. Rxa6 Re8 36. Ng4 Nxb2 37. Rxh6 Nd3 38. Rb6 b4 39. Rb7+ Kg6 40. Rd7 Re1+ 41. Kh2 Nc1 42. Rd6+ Kg7 43. Ra6 Re2 44. Kg1 Rxa2 45. Rb6 b3 46. Ne5 Re2 47. Nf3 b2 48. Nxg5 Nd3 49. Nf3 Rc2 50. Kh2 Rc1 51.
Nd2 Rd1 52. Rb7+ Kf6 53. Rb6+ Ke5 54. Nc4+ Kd4 55. Nxb2 Nxb2 56. Rxb2 Ke4 57. Rb4+ Kf5 58. Rb3 Rd2 59. Rf3 Kg5 60. Rf1 Kf5 61. Kg1 Kg5 62. Rf3 Rd1+ 63. Kh2 Rd2 64. Rf1 Re2 65. Kg1 Re3 66. Rf2 Re2 67. Rxe2 f3 68. gxf3 Kh4 69. Kf2 Kxh3 70. Re4 Kh2 71. Rh4# 1-0

[Event "*** Titled Tuesday Blitz"]
[Site "Chess.com"]
[Date "2021.03.02"]
[Round "2"]
[White "karinachess1"]
[Black "Rsnr"]
[Result "0-1"]
[WhiteElo "2511"]
[BlackElo "2778"]
[TimeControl "180+1"]
[EndTime "10:19:14 PST"]
[Termination "Rsnr won on time"]

1. d4 Nf6 2. Nf3 d5 3. e3 c5 4. b3 Nc6 5. Bb2 Bg4 6. Be2 e6 7. O-O Qc7 8. h3 Bh5 9. Nbd2 cxd4 10. exd4 Bd6 11. Ne5 Nxe5 12. Bxh5 Ng6 13. Bf3 O-O 14. c4 dxc4 15. bxc4 Rac8 16. d5 Be5 17. Qb3 exd5 18. cxd5 Bxb2 19. Qxb2 Qc2 20. Qxc2 Rxc2 21. Ne4 Nxd5 22.
Nd6 Nc3 23. Rfc1 Rxa2 24. Rxa2 Nxa2 25. Ra1 Nc3 26. Nxb7 Ne5 27. Rxa7 Nxf3+ 28. gxf3 Nd5 29. Nc5 Nf4 30. Kh2 Rc8 31. Ne4 h6 32. Rxf7 Nd3 33. Rd7 Ne5 34. Ra7 Nxf3+ 35. Kg3 Nd4 36. Ra5 Re8 37.
f3 Rf8 38. Ra3 Kh7 39. Rd3 Nf5+ 40. Kg2 Ra8 41. Nf2 Ra2 42. Rc3 h5 43. Rb3 g6 44. Rd3 Kh6 45. Rb3 Kg5 46. Rc3 Kf4 47. Rc4+ Ke5 48. Re4+ Kf6 49. h4 Nd6 50. Rd4 Ke5 51. Rb4 Nf5 52. Re4+ Kd5 53. Rb4 Ne3+ 54. Kg3 Nf5+ 55. Kg2 Rd2 56. Re4 Rc2 57. Kg1 Nd4 58. Kg2 Ne6 59. Kg1 Nc5 60. Rf4 Ke5 61. Rb4 Rxf2 62. Rc4 Nd3 63. Rc3 Rd2 64. Kf1 Nf4 0-1

[Event "*** Titled Tuesday Blitz"]
[Site "Chess.com"]
[Date "2021.03.02"]
[Round "2"]
[White "bocah_sakit"]
[Black "KonstantinB_1983"]
[Result "1-0"]
[WhiteElo "2863"]
[BlackElo "2543"]
[TimeControl "180+1"]
[EndTime "10:19:18 PST"]
[Termination "bocah_sakit won by checkmate"]

1. e4 c6 2. d4 d5 3. Nd2 dxe4 4. Nxe4 Nf6 5. Nxf6+ exf6 6. c3 Bd6 7. Bd3 O-O 8. Qc2 Re8+ 9. Ne2 h5 10. O-O Nd7 11.
Bf4 Qc7 12. Bxd6 Qxd6 13. Rfe1 Nf8 14. g3 Bg4 15. Nf4 Rad8 16. Bf5 Bxf5 17. Qxf5 g6 18. Qd3 Kg7 19. h4 Nd7 20. Qf3 Nf8 21. Nd3 b6 22. Qf4 Qd7 23. Rad1 Ne6 24. Qf3 Nc7 25. Nb4 Rxe1+ 26. Rxe1 c5 27. Nc6 Rf8 28.
dxc5 bxc5 29. Nxa7 Ne6 30. Nc6 Rc8 31. Na5 Qa4 32.
Rxe6 Qxa5 33. Qxf6+ Kg8 34. Re7 Qxa2 35. Kh2 Rf8 36.
Rb7 Qd5 37. Rb5 Rc8 38. b4 Qc4 39. Rxc5 Rxc5 40. bxc5 Qxc5 41. Qd8+ Kh7 42. Qf6 Kg8 43. Qd8+ Kh7 44. Qd4 Qc6 45. c4 Qf3 46. c5 Kg8 47. Qd8+ Kg7 48. Qd4+ Kg8 49. Qf4 Qc3 50. Qd6 Qc2 51.
Kg1 Qc1+ 52. Kh2 Qc2 53. Kg2 Qe4+ 54. Kf1 Qc2 55. c6 Qb1+ 56. Ke2 Qc2+ 57. Ke3 Qc3+ 58. Ke4 Qc4+ 59. Ke5 Qc3+ 60. Kd5 Qf3+ 61. Kc5 Qa3+ 62. Kd5 Qf3+ 63. Ke5 Qc3+ 64. Kf4 Qc4+ 65. Kg5 Kg7 66. Qf6+ Kg8 67. Qd8+ Kg7 68. Qf6+ Kg8 69. Kh6 Qc1+ 70. f4 Kf8 71. Qd8# 1-0

[Event "*** Titled Tuesday Blitz"]
[Site "Chess.com"]
[Date "2021.03.02"]
[Round "2"]
[White "Babujj"]
[Black "Fraler15"]
[Result "1-0"]
[WhiteElo "2474"]
[BlackElo "2269"]
[TimeControl "180+1"]
[EndTime "10:19:25 PST"]
[Termination "Babujj won by checkmate"]

1. e4 c5 2. Nf3 e6 3. d4 cxd4 4. Nxd4 Nf6 5. Nc3 Nc6 6. Nxc6 bxc6 7. e5 Nd5 8. Ne4 Qc7 9. f4 Qb6 10. c4 Bb4+ 11. Ke2 f5 12. exf6 Nxf6 13. Nxf6+ gxf6 14. a3 Be7 15. b4 Ba6 16. Kf3 c5 17. Be3 Bb7+ 18. Kg3 Qc6 19. Qh5+ Kd8 20. Rg1 cxb4 21. axb4 Bxb4 22. Rd1 Qe4 23. Bd4 Rg8+ 24. Kh3 Qxf4 25. g3 Qf3 26. Qxf3 Bxf3 27. Bxf6+ Be7 28. Bxe7+ Kxe7 29. Rd4 a5 30. Bd3 a4 31. Rf4 Bc6 32.
Bxh7 Rh8 33. Rh4 a3 34. Ra1 a2 35. Bc2 Rhb8 36. Rh7+ Kd6 37. g4 Rb2 38. Bg6 Rg8 39.
Rh6 Ba4 40. Kg3 Bb3 41. h4 Rxg6 42. Rxg6 Rb1 43. Rxa2 Bxa2 44. h5 Rb8 45. h6 Bb1 46. Rg7 Rh8 47. g5 Ke5 48. Kg4 Bf5+ 49. Kh5 d5 50.
cxd5 exd5 51. Re7+ Kf4 52. g6 d4 53. g7 Rg8 54. Rf7 Ke5 55. Rxf5+ Kxf5 56. h7 Rxg7 57. h8=Q Rf7 58. Kh4 Ke6 59. Qxd4 Rd7 60. Qe4+ Kd6 61. Kg5 Kc7 62. Kf6 Kd8 63. Qa8+ Kc7 64. Ke6 Rd6+ 65.
Ke5 Rd7 66. Qa7+ Kd8 67. Qb8+ Ke7 68. Qg8 Rd8 69. Qg7+ Ke8 70. Ke6 Rd6+ 71. Kxd6 Kd8 72. Qd7# 1-0

[Event "*** Titled Tuesday Blitz"]
[Site "Chess.com"]
[Date "2021.03.02"]
[Round "2"]
[White "alexrustemov"]
[Black "XanoushX_X"]
[Result "1-0"]
[WhiteElo "2725"]
[BlackElo "2498"]
[TimeControl "180+1"]
[EndTime "10:19:26 PST"]
[Termination "alexrustemov won by checkmate"]

1. d4 d5 2. c4 c6 3. Nc3 Nf6 4. e3 e6 5. Nf3 a6 6. b3 Bb4 7.
Bd2 O-O 8. Bd3 Nbd7 9. O-O Bd6 10. Qc2 e5 11. cxd5 cxd5 12. dxe5 Nxe5 13. Nxe5 Bxe5 14.
h3 d4 15. exd4 Bxd4 16. Rad1 Qc7 17. Ne4 Qxc2 18. Bxc2 Be6 19. Nxf6+ Bxf6 20. Be4 Rac8 21. Be3 b5 22. Bb7 Rc2 23. Rd2 Rxd2 24. Bxd2 Rd8 25.
Ba5 Rd6 26. Rc1 h6 27. Kf1 Bd4 28. Rd1 f5 29. Bb4 Rb6 30. Rxd4 Rxb7 31. Rd6 Kf7 32. Rxa6 Rd7 33. Ke2 Rd5 34. f4 g5 35. g3 gxf4 36.
gxf4 Rd4 37. Bd6 Re4+ 38. Kf2 Bd5 39. Be5 b4 40. Rf6+ Kg7 41. Rxf5+ Kg6 42. Rf6+ Kh5 43. Rd6 Bb7 44. Rd4 Rxd4 45. Bxd4 Bc8 46. Kg3 Bf5 47. Bb2 Bb1 48. a4 bxa3 49. Bxa3 Ba2 50. b4 Bc4 51. Bc1 Bb5 52. f5 Bd7 53. f6 Kg6 54. Bb2 h5 55. h4 Kf5 56. Kf3 Ke6 57. Kf4 Bb5 58. Kg5 Be8 59. Kh6 Kf7 60. Kxh5 Kg8+ 61. Kg5 Bb5 62. h5 Bd3 63. h6 Bb5 64. Bc3 Bd3 65. Bd2 Bb5 66. Kf5 Bd3+ 67. Ke5 Kf7 68. Bg5 Bh7 69. Kd4 Kg6 70. b5 Bg8 71. b6 Kxg5 72. b7 Kxf6 73.
b8=Q Bf7 74. h7 Kg6 75. h8=Q Be6 76. Qg3+ Kf5 77. Qh5+ Kf6 78. Qgg5# 1-0

[Event "*** Titled Tuesday Blitz"]
[Site "Chess.com"]
[Date "2021.03.02"]
[Round "2"]
[White "fearless_guy"]
[Black "atwalcb"]
[Result "1-0"]
[WhiteElo "2799"]
[BlackElo "2525"]
[TimeControl "180+1"]
[EndTime "10:19:28 PST"]
[Termination "fearless_guy won by resignation"]

1. e4 d6 2. d4 Nf6 3. Nc3 Nbd7 4. Nf3 e5 5. Rg1 c6 6. g4 h6 7. Be2 b5 8. a3 a5 9. h4 Bb7 10.
g5 hxg5 11. hxg5 Nh5 12. d5 b4 13. dxc6 Bxc6 14. Nd5 Nb6 15. axb4 Bxd5 16. exd5 axb4 17.
Bb5+ Nd7 18. Be3 Ra5 19. Bc6 g6 20. Kd2 Bg7 21. Rxa5 Qxa5 22. Qa1 Qc7 23. Qa4 Ke7 24. Rg4 Nf4 25. Bxd7 Qxd7 26. Qxd7+ Kxd7 27. Bxf4 exf4 28. Rxf4 Bxb2 29. Rxf7+ Ke8 30. Rb7 Bc3+ 31. Kd3 Rh3 32. Ke4 Rh1 33. Rb8+ Ke7 34. Rb7+ Ke8 35. Kd3 Rh3 36. Ke2 Rh1 37. Nd2 Rh5 38. Ne4 Be5 39. Rxb4 Kd7 40. Rb7+ Kc8 41. Rf7 Rh4 42. Ke3 Rh3+ 43.
f3 Rh2 44. c4 Rc2 45. f4 Ba1 46. Nxd6+ Kd8 47. Kd3 Rc1 48. Ne4 Rd1+ 49. Ke2 Rc1 50. c5 Bd4 51. c6 Bc5 52. Rd7+ Kc8 53. Nxc5 Rxc5 54. Ke3 Rc4 55. Kf3 Rc5 56. Ke4 Rc4+ 57. Ke5 Rc5 58. Kf6 Rc4 59. Kxg6 Rxf4 60. Kh5 Rf1 61. g6 Rh1+ 62. Kg5 Rg1+ 63. Kf6 Rf1+ 64. Kg7 Rf5 65. Kh7 Rh5+ 66. Kg8 Rg5 67. g7 Rg4 68.
Kf8 Rf4+ 69. Rf7 1-0

[Event "*** Titled Tuesday Blitz"]
[Site "Chess.com"]
[Date "2021.03.02"]
[Round "2"]
[White "Lysiak_Poltorak"]
[Black "Vuk2000"]
[Result "1-0"]
[WhiteElo "2456"]
[BlackElo "2657"]
[TimeControl "180+1"]
[EndTime "10:19:29 PST"]
[Termination "Lysiak_Poltorak won by resignation"]

1. d4 Nf6 2. c4 e6 3. Nc3 Bb4 4. Qc2 O-O 5. e4 d5 6. e5 Ne4 7. a3 Bxc3+ 8. bxc3 c5 9. Bd3 cxd4 10. cxd4 Qa5+ 11.
Kf1 Bd7 12. Ne2 Ba4 13. Qb2 f6 14. Bxe4 dxe4 15. exf6 Qf5 16. Be3 Nc6 17. fxg7 Rf7 18. Ng3 Qg6 19. Ke2 Qxg7 20. h3 Qg6 21. Rab1 b6 22.
Rhc1 Na5 23. Qb4 Bc6 24. c5 Bd5 25. Qb5 a6 26. Qb4 Nc6 27. Qc3 b5 28. Rb2 Bc4+ 29. Ke1 Rd8 30. a4 e5 31. Rd2 exd4 32. Bxd4 Re8 33.
Be3 Qe6 34. Rcd1 Ne5 35. Rd6 Qe7 36. axb5 axb5 37. R1d4 Nd3+ 38. Kd2 Ne5 39. Nxe4 Rf5 40. g4 Rf7 41. Bg5 Nf3+ 42. Qxf3 Rxf3 43. Bxe7 Rxe7 44. Rd8+ Kg7 45. c6 Rff7 46. R4d7 Be6 47. Rxe7 Rxe7 48. Nc5 Kf6 49. Rd6 Ke5 50. Rxe6+ Rxe6 51. Nxe6 Kxe6 52. Kc3 Kd6 53. Kb4 Kxc6 54. f4 Kb6 55. f5 Kc6 56. h4 Kd5 57. g5 Kc6 58. f6 Kd6 59. Kxb5 Ke6 60. Kc5 h6 61. Kd4 Kf7 62.
Ke5 Kg6 63. Ke6 Kh7 64. Ke7 Kg6 65. f7 h5 66. f8=Q Kh7 67. Qf7+ 1-0

[Event "*** Titled Tuesday Blitz"]
[Site "Chess.com"]
[Date "2021.03.02"]
[Round "2"]
[White "Sanan_Sjugirov"]
[Black "CSB7"]
[Result "1-0"]
[WhiteElo "2930"]
[BlackElo "2567"]
[TimeControl "180+1"]
[EndTime "10:19:32 PST"]
[Termination "Sanan_Sjugirov won by resignation"]

1. e4 e5 2. Nf3 Nc6 3. Bc4 Nf6 4. d3 Bc5 5. h3 O-O 6. O-O d5 7.
exd5 Nxd5 8. Re1 Be6 9. Nbd2 f6 10. c3 Qd7 11. Ne4 Bb6 12. a4 a6 13. b4 h6 14.
Qb3 a5 15. b5 Nce7 16. Ba3 Rfe8 17. d4 exd4 18. cxd4 Rad8 19. Nc5 Bxc5 20. dxc5 c6 21. Rad1 Bf7 22. Bc1 Ng6 23. Rxe8+ Qxe8 24. Re1 Qd7 25. Bd2 Ndf4 26. Bxa5 Ra8 27. Bd2 Bxc4 28. Qxc4+ Qd5 29. Qxd5+ Nxd5 30. bxc6 bxc6 31. a5 Nf8 32. Nd4 Nd7 33.
Nxc6 Nxc5 34. Rb1 Rc8 35. Rb8 Rxb8 36. Nxb8 Nc7 37. Bf4 N7a6 38. Nxa6 Nxa6 39. Bd6 Kf7 40. g4 Ke6 41. Bf8 Kf7 42. Ba3 Ke6 43. Kg2 g6 44. Kf3 h5 45. gxh5 gxh5 46. Kg3 Kf5 47. Kh4 Kg6 48.
Bd6 Kh6 49. f3 Kg6 50. f4 f5 51. Bf8 Nb8 52. Bc5 Na6 53. Bd6 Kh6 54. Kg3 Kg6 55. Kf3 Kf6 56. Kf2 Ke6 57. Be5 Ke7 58. Kg3 Kf7 59. Kf3 Ke6 60. Kf2 Ke7 61. Bb2 Ke6 62.
Ba3 Kf7 63. Ke3 Ke6 64. Kd4 Nb8 65. Kc5 Kd7 66. Kd5 Nc6 67. a6 Kc7 68. Bc5 Na5 69.
a7 Kb7 70. Ke5 Nc4+ 71. Kxf5 Nd2 72. Kg5 1-0

[Event "*** Titled Tuesday Blitz"]
[Site "Chess.com"]
[Date "2021.03.02"]
[Round "2"]
[White "juancruzarias"]
[Black "northridgehawk"]
[Result "1-0"]
[WhiteElo "2642"]
[BlackElo "2354"]
[TimeControl "180+1"]
[EndTime "10:19:37 PST"]
[Termination "juancruzarias won on time"]

1. d4 Nf6 2. Nf3 g6 3. Bg5 Bg7 4. Nbd2 d5 5. e3 Nbd7 6. Be2 O-O 7. O-O c5 8. c3 b6 9. a4 Bb7 10. Qb3 a6 11. Rfd1 h6 12. Bh4 Re8 13. h3 Rb8 14.
Bg3 Ra8 15. Qa2 Bc6 16. b4 Nh5 17. Bh2 e5 18. dxe5 Nxe5 19. Nxe5 Bxe5 20. Bxh5 Bxh2+ 21. Kxh2 gxh5 22. Qc2 Qd6+ 23. Kg1 Qf6 24. bxc5 bxc5 25. Nb3 Qd6 26. Na5 Re6 27. Qf5 Rd8 28. Qxh5 Ba8 29.
Rab1 Rg6 30. Nb7 Bxb7 31. Rxb7 Qc6 32. Rbb1 d4 33. f3 Rd5 34. Qh4 Rdg5 35. Rb8+ Kh7 36.
Rd2 Qxf3 37. Qf2 Rxg2+ 38. Qxg2 Qxe3+ 39. Kh1 Qe1+ 40. Kh2 Qe5+ 41. Kh1 Qxb8 42. Qf3 Qe8 43. Rf2 Kg7 44. cxd4 cxd4 45. Qf4 Qe1+ 46. Rf1 Qe6 47.
Qxd4+ Kh7 48. Qd3 Qc6+ 49. Qf3 Qe6 50. Qxf7+ Qxf7 51. Rxf7+ Kg8 52. Ra7 Rb6 53. Kg2 Kf8 54. a5 Re6 55. Rb7 Ke8 56. Rb6 Re2+ 57. Kf3 Ra2 58.
Rxa6 Kf7 59. Kg4 Kg7 60. h4 Ra4+ 61. Kh5 Kg8 62. Ra7 Kh8 63. a6 Kg8 64. Kg6 Kf8 65. h5 Ra5 66. Kxh6 Kg8 67. Kg6 Kf8 68. h6 Ra1 69. Ra8+ Ke7 70. a7 Ra6+ 71. Kh7 Kf7 72. Rg8 Kf6 73. a8=Q Re6 74. Qf3+ Ke7 75. Rg7+ Kd6 76. Qd3+ Ke5 77. Rg5+ Kf4 78. Qf5+ 1-0

[Event "*** Titled Tuesday Blitz"]
[Site "Chess.com"]
[Date "2021.03.02"]
[Round "2"]
[White "sergeikim"]
[Black "shrek4life02"]
[Result "1/2-1/2"]
[WhiteElo "2510"]
[BlackElo "2722"]
[TimeControl "180+1"]
[EndTime "10:19:44 PST"]
[Termination "Game drawn by repetition"]

1. d4 c6 2. c4 d5 3. Nf3 Nf6 4. Qc2 g6 5. e3 Bf5 6. Bd3 Bxd3 7. Qxd3 Bg7 8. O-O Nbd7 9. Nc3 O-O 10. e4 dxe4 11. Nxe4 Nxe4 12. Qxe4 Nf6 13. Qe2 Re8 14. Bd2 Qb6 15. Bc3 Rad8 16. Ne5 Nd7 17. c5 Qc7 18. Nc4 Qf4 19. g3 Qb8 20. Rad1 Nf6 21. Rfe1 Nd5 22. Bd2 b5 23. Na5 Qc7 24. Nb3 Qc8 25. Bg5 Rd7 26.
Qf3 h6 27. Bc1 Red8 28. Re2 e6 29. Rde1 Ne7 30. Be3 Nf5 31. h3 Bxd4 32. Nxd4 Nxd4 33. Qf6 Nxe2+ 34. Rxe2 Kh7 35. Bf4 Rg8 36. Be5 Qd8 37. Qf3 Qc8 38. Kh2 Rf8 39. Qf6 Rg8 40. Re4 Qf8 41.
Rh4 Qg7 42. Qf4 f6 43. Bxf6 Rf7 44. Bxg7 Rxf4 45. Rxf4 Rxg7 46. a4 Rb7 47. a5 b4 48.
Re4 Kg7 49. Rxe6 Rb5 50. Rxc6 Rxa5 51. Rc7+ Kf6 52. Kg2 b3 53. c6 Ra2 54. Rb7 Rxb2 55. c7 Rc2 56. Rxb3 Rxc7 57. Ra3 Ke5 58. Ra6 Kf5 59. g4+ Kg5 60. Ra5+ Kf6 61. Ra6+ Kg7 62.
Ra5 g5 63. Kg3 Rc3+ 64. f3 Rc7 65. h4 Kg6 66. h5+ Kg7 67. Ra6 Kh7 68. Kg2 Re7 69. Kg3 Kg7 70. Kg2 Rb7 71. Kg3 Kh7 72. Kg2 Rf7 73.
Kg3 Rg7 74. Kg2 Rf7 75. Kg3 Rd7 76. Kg2 Rc7 77. Kg3 Rb7 78. Kg2 Kg7 79. Kg3 Rc7 80. Kg2 Rd7 81. Kg3 Re7 82. Kg2 Rf7 83. Kg3 Re7 1/2-1/2

[Event "*** Titled Tuesday Blitz"]
[Site "Chess.com"]
[Date "2021.03.02"]
[Round "2"]
[White "KuzubovYuriy"]
[Black "Gerodot71"]
[Result "1-0"]
[WhiteElo "2909"]
[BlackElo "2558"]
[TimeControl "180+1"]
[EndTime "10:19:50 PST"]
[Termination "KuzubovYuriy won by resignation"]

1. d4 Nf6 2. Nf3 d5 3. c4 e6 4. Nc3 Bb4 5. Bg5 h6 6. Bxf6 Qxf6 7. Qa4+ Nc6 8. e3 O-O 9. Rd1 dxc4 10. Bxc4 Bd6 11. O-O e5 12. Ne4 Qg6 13. Nxd6 cxd6 14.
dxe5 dxe5 15. Bd5 Qf6 16. Bxc6 bxc6 17. Nd2 Bf5 18. Ne4 Bxe4 19. Qxe4 Rfd8 20. h3 Qe6 21. b3 Rd5 22. Rc1 Rad8 23. Qa4 Rd2 24. Rxc6 Rxa2 25.
Rxe6 Rxa4 26. bxa4 fxe6 27. Rc1 Rd5 28. Rc8+ Kh7 29.
Rc6 Ra5 30. Rxe6 Kg8 31. g4 Kf7 32. Rc6 Rxa4 33. Kg2 Ra2 34. h4 Ra4 35. Kf3 Ke7 36. h5 Kf7 37. Kg3 Ke7 38. Rc7+ Kf6 39. Rd7 a5 40. Ra7 Ra2 41. Ra6+ Kf7 42. Kf3 Ra4 43.
Kg3 Ke7 44. Rb6 Kf7 45. Rb7+ Kf6 46. Ra7 Ra2 47. f3 Ra4 48. e4 Ra3 49. Ra6+ Kf7 50. g5 hxg5 51. Kg4 a4 52. Rg6 Ra1 53. Ra6 Ra3 54. Ra5 Kf6 55. Ra7 Ra1 56. Ra6+ Kf7 57. Kxg5 a3 58. Ra7+ Ke6 59. Ra6+ Ke7 60. Kf5 a2 61.
Kxe5 Rh1 62. Rxa2 Rxh5+ 63. Kd4 Kf6 64. Ra6+ Kf7 65. f4 Rb5 66. f5 Ke7 67. Ke3 Kf7 68. Kf4 Rb4 69. Ra7+ Kf6 70. Ra6+ Kf7 71. Ra7+ Kf6 72.
Rc7 Ra4 73. Rc6+ Kf7 74. Re6 Rb4 75. Kg5 Rb1 76. Ra6 Rg1+ 77. Kf4 Rf1+ 78. Ke5 Rb1 79.
Ra7+ Kf8 80. Kd6 Rb6+ 81. Kc5 Rh6 82. Kd5 Rh5 83. e5 Rxf5 84. Ke6 1-0

[Event "*** Titled Tuesday Blitz"]
[Site "Chess.com"]
[Date "2021.03.02"]
[Round "2"]
[White "jens1102"]
[Black "ApoIogiA"]
[Result "0-1"]
[WhiteElo "2407"]
[BlackElo "2216"]
[TimeControl "180+1"]
[EndTime "10:19:51 PST"]
[Termination "ApoIogiA won by checkmate"]

1. e4 c5 2. Nf3 d6 3. d4 cxd4 4. Nxd4 Nf6 5. Nc3 a6 6. f3 e5 7.
Nb3 Be7 8. Be3 Be6 9. Qd2 O-O 10. O-O-O a5 11. a4 Nc6 12. Bb5 Nb4 13. g4 d5 14.
g5 Nxe4 15. Nxe4 dxe4 16. Qxd8 Rfxd8 17. fxe4 Rac8 18. Rxd8+ Bxd8 19. Nc5 Bxg5 20. Bxg5 Rxc5 21. c3 f6 22. Be3 Rc8 23. Bb6 Nc6 24. Bxc6 Rxc6 25.
Bxa5 Bb3 26. Bb4 Bxa4 27. Kd2 Kf7 28. Ra1 Bb3 29. Ra7 Rc7 30. h4 Rd7+ 31. Ke3 Kg6 32.
Ra3 Bc4 33. b3 Bb5 34. c4 Bc6 35. Ra1 Rd4 36. Bf8 Rxe4+ 37. Kd3 Kf7 38. Bc5 Rxh4 39. b4 e4+ 40. Kd4 e3+ 41. Kxe3 Rxc4 42. Ra8 h5 43.
Kd3 Rg4 44. Ra5 h4 45. b5 Be4+ 46. Ke3 h3 47. Ra2 Bg2 48. Bd6 Re4+ 49. Kf2 Rd4 50. Bc5 Rd5 51. Ba7 Rxb5 52. Kg3 Rb3+ 53. Kh2 Kg6 54.
Ra5 Kh7 55. Bd4 g6 56. Bxf6 Kh6 57. Ra8 g5 58. Rg8 Rb5 59. Be7 Re5 60. Bf8+ Kh7 61. Rg7+ Kh8 62. Rc7 Rf5 63. Bg7+ Kh7 64. Bd4+ Kg6 65.
Kg3 Rd5 66. Ba1 Rd3+ 67. Kg4 Rd4+ 68. Kg3 Rd3+ 69. Kh2 Kf5 70. Rc5+ Kg4 71. Rc4+ Kh5 72. Bf6 Rd5 73. Rc8 Rf5 74. Rh8+ Kg4 75. Bd8 Rf1 76. Rxh3 Rh1+ 77. Kxg2 Rxh3 78. Bxg5 Rb3 79. Be7 Rb2+ 80. Kf1 Kf3 81. Kg1 Rb1+ 82. Kh2 b5 83. Bf6 b4 84. Bg7 b3 85. Bf6 b2 86. Bg7 Rh1+ 87. Kxh1 b1=Q+ 88. Kh2 Qc2+ 89. Kh3 Qg2+ 90. Kh4 Qg4# 0-1

[Event "*** Titled Tuesday Blitz"]
[Site "Chess.com"]
[Date "2021.03.02"]
[Round "2"]
[White "Meri-Arabidze"]
[Black "Fortitudine"]
[Result "1/2-1/2"]
[WhiteElo "2631"]
[BlackElo "2338"]
[TimeControl "180+1"]
[EndTime "10:19:54 PST"]
[Termination "Game drawn - insufficient material"]

1. Nf3 c5 2. c4 Nf6 3. Nc3 Nc6 4. g3 g6 5. Bg2 Bg7 6. O-O O-O 7. d3 d6 8. Bg5 Rb8 9. a3 a6 10. Ne1 Bd7 11. Rb1 b5 12. cxb5 axb5 13. b4 cxb4 14.
axb4 h6 15. Bd2 Kh7 16. Nc2 Qb6 17. e4 e5 18. Be3 Nd4 19. Ne2 Ng4 20. Bxd4 exd4 21. h3 Ne5 22. Ncxd4 Rfc8 23. Kh2 Ng4+ 24. hxg4 Bxd4 25. Nxd4 Qxd4 26. Bf3 Rc3 27. Be2 Rbc8 28. Kg2 Be6 29. Rh1 Kg7 30. Qd2 g5 31. Qb2 f6 32.
Qa1 R8c7 33. Rbc1 d5 34. Rxc3 Rxc3 35. Rc1 Rxd3 36. Bxd3 Qxd3 37. Qa7+ Kg6 38. Qe3 Qxe4+ 39. Qxe4+ dxe4 40. Rc5 Bc4 41. Rc7 Bd3 42. Rd7 h5 43.
gxh5+ Kxh5 44. f3 f5 45. fxe4 fxe4 46. Kf2 Kg4 47. Rd5 Kh5 48. Ke3 Kg4 49. Re5 Kh5 50. Re8 Kg4 51. Rg8 Kh5 52. Rg7 Kg4 53. Kd4 Kf5 54.
Re7 Kg4 55. Re5 Kh5 56. Ke3 Kg4 57. Kf2 Kh5 58. Kg2 Kg4 59. Rc5 e3 60. Re5 e2 61.
Kf2 e1=Q+ 62. Rxe1 Kf5 63. Rc1 Bc4 64. Rc3 g4 65. Re3 Kf6 66. Re8 Kf5 67. Rc8 Ke4 68. Rc5 Kd4 69. Rg5 Kc3 70. Rxg4 Kxb4 71. Rf4 Kc5 72. g4 b4 73. g5 b3 74. Rh4 b2 75.
Rh1 Bd3 76. Ke3 b1=Q 77. Rxb1 Bxb1 78. g6 Bxg6 1/2-1/2

[Event "*** Titled Tuesday Blitz"]
[Site "Chess.com"]
[Date "2021.03.02"]
[Round "2"]
[White "LileKoridze"]
[Black "Flawless_Fighter"]
[Result "0-1"]
[WhiteElo "2411"]
[BlackElo "2656"]
[TimeControl "180+1"]
[EndTime "10:20:00 PST"]
[Termination "Flawless_Fighter won by checkmate"]

1. d4 Nf6 2. c4 e6 3. Nf3 b6 4. g3 Bb7 5. Bg2 c6 6. O-O d5 7. Nc3 Be7 8. Qc2 O-O 9. b3 Na6 10. a3 Rc8 11. e4 c5 12. exd5 exd5 13. dxc5 dxc4 14. cxb6 Qxb6 15. b4 Qc7 16. Bb2 Rfd8 17. Rad1 Nb8 18. Rfe1 Rxd1 19. Rxd1 Rd8 20. Rxd8+ Qxd8 21. h3 a5 22. bxa5 Qxa5 23. a4 Nc6 24. Nb5 Qb4 25. Nd2 Qc5 26. Ba3 Qe5 27. Bxe7 Qxe7 28. Nxc4 Nb4 29. Qb1 Bxg2 30. Kxg2 h5 31. Nbd6 Nfd5 32.
Qe4 Qxe4+ 33. Nxe4 Kf8 34. a5 Ke7 35. Nc5 Nc7 36. Kf3 Kf6 37. Ke4 g6 38. Ne5 Ke7 39. Nc4 Kf6 40. Kd4 Nc6+ 41. Kc3 Ke7 42. a6 Nb5+ 43.
Kb3 Kd8 44. Ka4 Nc7 45. Na5 Na7 46. Nab3 Ke7 47. Nd4 Kd6 48. Kb4 Nd5+ 49. Kc4 Nb6+ 50. Kb4 Nd5+ 51. Kc4 Nb6+ 52. Kb4 Kd5 53. Nb5 Nc6+ 54.
Ka3 Kxc5 55. Nc7 Na7 56. Ne8 Kb5 57. Nd6+ Kxa6 58. Nxf7 Nc6 59. Nh8 Ne7 60. Nf7 Kb7 61. Kb4 Kc6 62. Kc3 Nbd5+ 63. Kd4 Kd7 64. Ne5+ Ke6 65.
f4 Nf5+ 66. Ke4 Nf6+ 67. Kf3 Ne7 68. g4 h4 69. Nd3 Nfd5 70. Ne5 Kf6 71. Ke4 Ke6 72.
Nxg6 Nxg6 73. f5+ Kf6 74. fxg6 Ne7 75. Kf3 Nxg6 76. Ke4 Kg5 77. Kf3 Nf4 78. Kf2 Nxh3+ 79. Kg2 Nf4+ 80. Kh2 Kxg4 81. Kh1 Kg3 82. Kg1 h3 83. Kh1 Nd3 84. Kg1 h2+ 85. Kh1 Nf2# 0-1

[Event "*** Titled Tuesday Blitz"]
[Site "Chess.com"]
[Date "2021.03.02"]
[Round "2"]
[White "bilelou"]
[Black "rpragchess"]
[Result "0-1"]
[WhiteElo "2543"]
[BlackElo "2868"]
[TimeControl "180+1"]
[EndTime "10:20:02 PST"]
[Termination "rpragchess won by resignation"]

1. e4 c5 2. Nf3 e6 3. d4 cxd4 4. Nxd4 a6 5. c4 Nf6 6. Nc3 Qc7 7. Be2 b6 8. f4 Bb7 9. e5 Ne4 10. Nxe4 Bxe4 11. Bf3 Bxf3 12. Qxf3 Nc6 13. Nxc6 dxc6 14. Be3 Bb4+ 15. Ke2 O-O 16. Qe4 Rad8 17. Rad1 Bc5 18.
Rxd8 Rxd8 19. Rd1 Rxd1 20. Kxd1 g6 21. Ke2 Bxe3 22. Qxe3 b5 23. Qa3 bxc4 24. Qxa6 Qb8 25. Qxc4 Qxb2+ 26. Kf3 Qb7 27. Qc5 Qa6 28. a3 Qd3+ 29.
Kf2 Qd2+ 30. Kf3 Qd3+ 31. Kf2 Qe4 32. g3 Kg7 33. h4 h6 34. Qe7 Qd4+ 35. Kg2 c5 36.
Qf6+ Kg8 37. h5 gxh5 38. f5 Qe4+ 39. Kh2 exf5 40. Qd8+ Kh7 41. Qf6 Qe2+ 42. Kh1 Qe1+ 43. Kh2 Qf2+ 44. Kh1 Kg8 45. e6 Qe1+ 46. Kh2 Qxe6 47.
Qd8+ Kh7 48. Qc7 c4 49. a4 Qe2+ 50. Kh1 Qd1+ 51. Kh2 Kg6 52. a5 Qd2+ 53. Kh3 Qe1 54. Kh2 c3 55. a6 Qe2+ 56. Kh3 Qxa6 57. Qxc3 Qf1+ 58. Kh2 Qe2+ 59. Kh3 Qe6 60. Kh2 Qf6 61. Qc8 Kg7 62. Kh3 Qe6 63. Qc3+ Qf6 64. Qc4 Qg6 65. Qd4+ Kh7 66. Qd7 h4 67. gxh4 Qg4+ 68. Kh2 Qxh4+ 69. Kg2 Qe4+ 70. Kh2 Qe6 71. Qd3 Qg6 72. Kh3 Qg4+ 73.
Kh2 Qf4+ 74. Kh3 Kg6 75. Qa6+ Kg5 76. Qa1 Qg4+ 77. Kh2 Kg6 78. Qh8 Qe2+ 79. Kh3 Qe3+ 80. Kh2 Qe6 81. Qg8+ Kh5 82. Qf8 Kg4 83. Qg7+ Kh5 84.
Qg8 Qe2+ 85. Kh1 Qf3+ 86. Kh2 Qf4+ 87. Kh1 Qh4+ 88. Kg2 Qg4+ 89. Kh2 Qxg8 0-1

[Event "*** Titled Tuesday Blitz"]
[Site "Chess.com"]
[Date "2021.03.02"]
[Round "2"]
[White "mbachez"]
[Black "ViktoriyaTarasova"]
[Result "0-1"]
[WhiteElo "2457"]
[BlackElo "2283"]
[TimeControl "180+1"]
[EndTime "10:20:05 PST"]
[Termination "ViktoriyaTarasova won by resignation"]

1. e4 e5 2. Nf3 Nc6 3. Bb5 Nf6 4.
O-O Nxe4 5. Re1 Nd6 6. Nxe5 Nxe5 7. Rxe5+ Be7 8. Bf1 O-O 9. Nc3 Ne8 10. d4 Bf6 11. Re1 d5 12. Bf4 c6 13. Bd3 Nd6 14. Ne2 Nf5 15. c3 Be6 16. Ng3 Nxg3 17. hxg3 Qd7 18. Be5 Bxe5 19. Rxe5 Rae8 20. Qh5 g6 21. Qh6 f6 22.
Re3 Qg7 23. Qh4 Bd7 24. Rae1 Rxe3 25. Rxe3 Re8 26. Qf4 Rxe3 27. Qxe3 Qf7 28. Qf4 Be8 29. Qb8 a6 30. a4 Kg7 31. a5 Qe7 32. Kh2 h5 33. Qf4 Bf7 34. Qd2 Qd8 35. b4 Qe7 36. Bc2 Qe6 37. Bd1 Qe7 38. Bf3 Qe6 39. Qf4 Qe7 40.
Qb8 g5 41. g4 h4 42. g3 hxg3+ 43. Kxg3 Qd7 44. Be2 Bg6 45. Bf1 Qe7 46. Bg2 Qd7 47.
f4 gxf4+ 48. Qxf4 Qe7 49. Bf3 Qe1+ 50. Kg2 Qxc3 51. g5 Qc2+ 52. Kg3 fxg5 53. Qe5+ Kf7 54. Qc7+ Kg8 55. Qc8+ Kg7 56. Qxb7+ Kh6 57. Qxa6 Qc1 58. Qe2 Qg1+ 59. Bg2 Qxd4 60. Kh2 Qf4+ 61. Kh1 Qxb4 62.
a6 Qb1+ 63. Qf1 Qb8 64. Qa1 Qa7 65. Qh8+ Bh7 66. Qf6+ Bg6 67. Qxc6 Qf2 68. Qxd5 Qe1+ 69. Kh2 Qh4+ 70. Bh3 Qf4+ 71. Kg2 Be4+ 72. Qxe4 Qxe4+ 73. Kh2 Qc2+ 74. Bg2 Qc7+ 75. Kh3 Qb6 76. Bb7 Kg6 77.
Be4+ Kf6 78. Bd3 Ke5 79. Kg4 Kf6 80. Kh5 Qb4 81. Be4 Qxe4 0-1